 Dungeon Crawl Stone Soup version 0.17.0 (webtiles) character file.

268 HungrySpirit the Cudgeler (level 6, -3/37 HPs)
             Began as a Gargoyle Monk on Nov 7, 2015.
             Slain by a worker ant (4 damage)
             ... on level 4 of the Dungeon.
             The game lasted 00:04:36 (3427 turns).

HungrySpirit the Cudgeler (Gargoyle Monk)           Turns: 3427, Time: 00:04:36

Health: -3/37      AC:  9    Str: 16    XL:     6   Next: 21%
Magic:  6/6        EV: 11    Int: 11    God:
Gold:   200        SH:  0    Dex: 12    Spells: 0 memorised, 5 levels left

rFire  . . .     SeeInvis .     x - +0 flail
rCold  . . .     Clarity  .     e - +0 ring mail
rNeg   + . .     SustAt   .     (no shield)
rPois  ∞         Gourm    .     (no helmet)
rElec  +         Spirit   .     (no cloak)
rCorr  .         Warding  .     (no gloves)
rMut   .         Stasis   .     (no boots)
MR     .....                    (no amulet)
Stlth  +.........               (no ring)
                                (no ring)

@: not resistant to hostile enchantments, very unstealthy
A: negative energy resistance 1, electricity resistance, unbreathing,
petrification resistance, rot immunity, AC +4
a: no special abilities


You were on level 4 of the Dungeon.
You were not hungry.

You visited 1 branch of the dungeon, and saw 4 of its levels.

You collected 200 gold pieces.

Inventory:

Hand Weapons
 x - a +0 flail (weapon)
Armour
 e - a +0 ring mail (worn)
Jewellery
 p - a cursed ring of loudness {unknown}
 t - an uncursed ring of protection from magic {unknown}
Wands
 y - a wand of disintegration (12)
Scrolls
 a - 5 scrolls of remove curse {unknown}
 c - 2 scrolls of enchant weapon {unknown}
 f - 4 scrolls of teleportation {unknown}
 g - a scroll of blinking {unknown}
 j - a scroll of immolation {unknown}
 n - 2 scrolls of noise {unknown}
 q - 3 scrolls of identify {unknown}
 r - a scroll of fear {unknown}
 u - a scroll of recharging {unknown}
Potions
 d - 2 potions of curing {unknown}
 k - a potion of degeneration {unknown}
 l - a potion of might {unknown}
 o - a potion of flight {unknown}
 s - 2 potions of poison {unknown}
 v - a potion of agility {unknown}
Comestibles
 b - 2 bread rations
 h - a slice of pizza
 i - 3 beef jerkies
 m - a meat ration
 w - 2 chunks of flesh


   Skills:
 - Level 3.4 Fighting
 * Level 5.8 Maces & Flails
 - Level 2.4 Dodging
 - Level 2.1 Stealth
 - Level 4.0 Unarmed Combat


You had 5 spell levels left.
You didn't know any spells.

Dungeon Overview and Level Annotations

Branches:
Dungeon (4/15)
 Temple: D:4-7

Altars:


Innate Abilities, Weirdness & Mutations

You are resistant to torment.
Your stone body is resilient (AC +4).
You are immune to poison.
You resist negative energy.
You are resistant to electric shocks.
You can survive without breathing.
You are immune to petrification.
You are immune to rotting.


Message History

You barely miss the worker ant.
The worker ant is almost dead.
The worker ant bites you.
* * * LOW HITPOINT WARNING * * *
You barely miss the worker ant.
The worker ant is almost dead.
The worker ant misses you.
You barely miss the worker ant.
The worker ant is almost dead.
The worker ant bites you.
* * * LOW HITPOINT WARNING * * *
The worker ant closely misses you.
Evoke which item? (* to show all) (? for menu, Esc to quit)
Zapping:
y - a wand of disintegration (will waste charges)
Press: ? - help, Shift-Dir - straight line, f - worker ant
Aim: a worker ant (almost dead, chance to defeat MR: 73%)
The worker ant struggles to resist.
Evoking this partially-identified wand wasted a few charges.
The worker ant bites you.
You die...

####### ##>....##
##.......##
#..[......#
#.......# ######
#......#####....#
........a@...†##.#
..#############..#
#...## #.###
####.# #....#
#.#### ##.# #..#


You could see a worker ant.

Vanquished Creatures
  A hound (D:4)
  An orc wizard (D:3)
  Terence (D:3)
  Natasha (thrice) (D:3)
  A worker ant (D:4)
  4 adders
  3 worms
  2 giant geckos (D:2)
  5 orcs (D:3)
  A ball python (D:2)
  16 bats
  4 giant cockroaches
  7 hobgoblins
  10 kobolds
  A quokka (D:2)
  5 giant newts
  11 goblins
  4 rats
80 creatures vanquished.

Notes
Turn   | Place    | Note
--------------------------------------------------------------
     0 | D:1      | HungrySpirit the Gargoyle Monk began the quest for the Orb.
     0 | D:1      | Reached XP level 1. HP: 14/14 MP: 1/1
   303 | D:1      | Reached skill level 1 in Maces & Flails
   372 | D:1      | Reached XP level 2. HP: 16/19 MP: 2/2
   969 | D:1      | Reached XP level 3. HP: 23/23 MP: 3/3
  1575 | D:2      | Reached XP level 4. HP: 26/28 MP: 4/4
  2535 | D:3      | Noticed Natasha
  2553 | D:3      | Killed Natasha
  2553 | D:3      | Reached XP level 5. HP: 11/32 MP: 5/5
  2890 | D:3      | Reached skill level 5 in Maces & Flails
  2937 | D:3      | Noticed Natasha
  2942 | D:3      | Killed Natasha
  3044 | D:3      | Noticed Terence
  3059 | D:3      | Killed Terence
  3333 | D:3      | Noticed Natasha
  3344 | D:3      | Killed Natasha
  3385 | D:4      | Reached XP level 6. HP: 32/37 MP: 6/6
  3426 | D:4      | HP: 1/37 [worker ant (5)]
  3427 | D:4      | Slain by a worker ant

Action                   |  1- 3 |  4- 6 || total
-------------------------+-------+-------++-------
Melee: Club              |   226 |   207 ||   433
       Unarmed           |     6 |       ||     6
       Flail             |       |    80 ||    80
Evoke: Wand              |       |     1 ||     1
 Stab: Sleeping          |     4 |     1 ||     5
  Eat: Chunk             |     2 |     7 ||     9
